 Dungeon Crawl Stone Soup version 0.19-a0-1051-gdb7e7f8 (webtiles) character file.

161 Jmtri7 the Insei (level 5, -6/38 HPs)
             Began as an Octopode Monk on Aug 2, 2016.
             Killed from afar by a white imp (11 damage)
             ... with a puff of frost
             ... summoned by Natasha
             ... on level 3 of the Dungeon.
             The game lasted 00:05:13 (2246 turns).

Jmtri7 the Insei (Octopode Monk)                    Turns: 2246, Time: 00:05:14

Health: -6/38      AC:  1    Str: 11    XL:     5   Next: 42%
Magic:  5/5        EV: 14    Int: 13    God:
Gold:   122        SH:  0    Dex: 14    Spells: 0 memorised, 4 levels left

rFire  . . .     SeeInvis .       - Unarmed
rCold  . . .     Gourm    .     (no shield)
rNeg   . . .     Faith    .     (helmet restricted)
rPois  .         Spirit   .     (no amulet)
rElec  .         Dismiss  .     (no ring)
rCorr  .         Reflect  .     (no ring)
SustAt .         Harm     .     (no ring)
MR     .....                    (no ring)
Stlth  +++.......               (no ring)
                                (no ring)
                                (no ring)
                                (no ring)

@: flying, not resistant to hostile enchantments, fairly stealthy
A: almost no armour, amphibious, 8 rings, constrict 8, camouflage 1, gelatinous
body 1
a: no special abilities


You were on level 3 of the Dungeon.
You were not hungry.

You visited 1 branch of the dungeon, and saw 3 of its levels.

You collected 122 gold pieces.

Inventory:

Scrolls
 e - a scroll of random uselessness {unknown}
 i - a scroll of blinking {unknown}
Potions
 c - a potion of haste {unknown}
 d - a potion of mutation {unknown}
 g - a potion of curing
 k - a potion of degeneration {unknown}
 l - a potion of agility {unknown}
 n - a potion of beneficial mutation {unknown}
Comestibles
 a - 2 bread rations
 f - a meat ration
 h - a slice of pizza
 j - a royal jelly
 m - a chunk of flesh


   Skills:
 + Level 4.6 Fighting
 - Level 3.0 Dodging
 - Level 2.6 Stealth
 + Level 4.7 Unarmed Combat


You had 4 spell levels left.
You didn't know any spells.

Dungeon Overview and Level Annotations

Branches:
Dungeon (3/15)

Altars:
Pakellas
Vehumet

Annotations:
D:3 Natasha


Innate Abilities, Weirdness & Mutations

You cannot wear most types of armour.
You are amphibious.
You can wear up to eight rings at the same time.
You can use your tentacles to constrict eight enemies at once.
Your skin changes colour to match your surroundings (Stealth+).
Your rubbery body absorbs attacks. (AC +1, EV +1)


Message History

You fly up into the air.
Natasha extends her claws.
The crimson imp blinks!
The white imp gestures at you. The puff of frost hits you!
* * * LOW HITPOINT WARNING * * *
A bat comes into view.
You barely miss the white imp. Your grab misses the white imp.
Your tentacle-slap misses the white imp.
You tentacle-slap the white imp but do no damage.
You grab the white imp.
You constrict the white imp, but do no damage.
The white imp gestures at you. The puff of frost misses you.
You bludgeon the white imp!
The white imp is severely wounded.
You constrict the white imp, but do no damage.
The white imp gestures at you. The puff of frost hits you!
You die...

##.# #.##.##.# ##..
####....
#...##.......#####...
..##....
#...).........##.>...
#.###...
#...###.#####)##.#.#.###.#
###. ####
#.#####.##)#.......###..)
#.##................##.##
#.##.##(##.#.............
#.##.##.##b#.#..#.#.##.#.
#.......@5h).ยง5...#.##.#.
####..#####..#.##.#.##..
#..# #.........##... ####
#.##.#######... #......
#.#. .... .# .#. ... # #..


You could see Natasha, a crimson imp, a white imp and a bat.

Vanquished Creatures
  A crimson imp (D:3)
  Terence (D:3)
  3 gnolls (D:2)
  2 oozes (D:2)
  3 worms
  A dart slug (D:2)
  A giant gecko (D:2)
  2 ball pythons
  6 bats
  A giant cockroach (D:2)
  5 goblins
  9 hobgoblins
  2 jackals (D:1)
  A quokka (D:3)
  4 giant newts
  10 kobolds
  4 rats
56 creatures vanquished.

Notes
Turn   | Place    | Note
-------+----------+-------------------------------------------
     0 | D:1      | Jmtri7 the Octopode Monk began the quest for the Orb.
     0 | D:1      | Reached XP level 1. HP: 16/16 MP: 1/1
   323 | D:1      | Reached XP level 2. HP: 19/21 MP: 2/2
  1000 | D:1      | Reached XP level 3. HP: 26/26 MP: 3/3
  1176 | D:2      | Found an oddly glowing altar of Pakellas.
  1420 | D:2      | Reached XP level 4. HP: 32/33 MP: 4/4
  1712 | D:2      | Found a radiant altar of Vehumet.
  1939 | D:3      | Reached XP level 5. HP: 34/38 MP: 5/5
  1945 | D:3      | Noticed Natasha
  1945 | D:3      | Noticed Terence
  2241 | D:3      | Killed Terence
  2246 | D:3      | Killed from afar by a white imp

Vault maps used:
D:1:      dpeg_arrival_three_same_balls, hangedman_decor_clover_reticule,
          corexii_corridor_pit
D:2:      nicolae_overflow_hidden_temple, lemuel_statue_altar
D:3:      marbit_many_paths, gup_sewer_entry_bubbles, first_bread, uniq_natasha,
          uniq_jessica, uniq_terence

Skill      XL: |  1  2  3  4 |
---------------+-------------+-----
Fighting       | 4 |  4.6
Unarmed Combat | 4 |  4.7
Dodging        | |  3.0
Stealth        | |  2.6

Action                   |  1- 3 |  4- 6 || total
-------------------------+-------+-------++-------
Melee: Unarmed           |    79 |    51 ||   130
       Constrict         |    21 |    13 ||    34
       Tentacles         |    15 |    10 ||    25
       Punch             |     2 |     2 ||     4
  Use: Potion            |       |     2 ||     2
 Stab: Sleeping          |     6 |     4 ||    10
  Eat: Chunk             |     2 |     2 ||     4
Armor: Skin              |     6 |     2 ||     8
Dodge: Dodged            |    49 |    26 ||    75
